 Dungeon Crawl Stone Soup version 0.24-a0-458-gfcb5e6da0e (webtiles) character file.

Game seed: 11567247024383091201

85813 CakeEater the Geomancer (level 15, -2/95 HPs)
             Began as a Gargoyle Earth Elementalist on June 27, 2019.
             Was the Champion of Vehumet.
             Slain by a death yak (17 damage)
             ... on level 6 of the Lair of Beasts.
             The game lasted 01:08:26 (30350 turns).

CakeEater the Geomancer (GrEE)                     Turns: 30350, Time: 01:08:26

Health: -2/95      AC: 23    Str: 17    XL:     15   Next: 85%
Magic:  33/38      EV: 16    Int: 22    God:    Vehumet [******]
Gold:   3505       SH:  0    Dex: 10    Spells: 12/35 levels left

rFire    . . .     SeeInvis .   l - +4 whip (elec)
rCold    . . .     Gourm    .   (no shield)
rNeg     + + .     Faith    .   o - +2 robe {rN+}
rPois    ∞         Spirit   .   C - +1 helmet
rElec    +         Reflect  .   t - +2 cloak
rCorr    .         Harm     .   (no gloves)
MR       +....                  D - +1 pair of boots
Stlth    +++.......             O - amulet of rage
HPRegen  0.25/turn              G - ring of magical power
MPRegen  0.26/turn              x - ring of Kesa {Str+5 Stlth+}

@: flying, studying Crossbows
A: big wings, negative energy resistance 1, electricity resistance, unbreathing,
petrification resistance, rot immunity, AC +11
a: Stop Flying, Renounce Religion, Evoke Berserk Rage


You were on level 6 of the Lair of Beasts.
You worshipped Vehumet.
Vehumet was exalted by your worship.
You were not hungry.

You visited 3 branches of the dungeon, and saw 21 of its levels.
You visited the Abyss 1 time.
You also visited: Ice Cave and Volcano.

You collected 3505 gold pieces.

Inventory:

Hand Weapons
 l - a +4 whip of electrocution (weapon)
 v - a +0 eveningstar
 K - a +0 great mace of holy wrath
 T - a +1 morningstar of protection
Missiles
 b - 79 stones (quivered)
 e - a throwing net
Armour
 o - a +2 robe of positive energy (worn)
 t - a +2 cloak (worn)
 C - a +1 helmet (worn)
 D - a +1 pair of boots (worn)
 S - a scarf of cloud immunity
Jewellery
 f - an uncursed ring of fire
 k - an uncursed ring of positive energy
 x - the ring of Kesa (right hand) {Str+5 Stlth+}
   (You found it on level 6 of the Lair of Beasts)

   [ring of strength]

   It affects your strength (+5).
   It makes you more stealthy.
 B - an uncursed ring of see invisible
 G - a ring of magical power (left hand)
 O - an amulet of rage (around neck)
Wands
 n - a wand of flame (18)
 w - a wand of random effects (24)
 I - a wand of iceblast (26)
 J - a wand of paralysis (3)
 N - a wand of disintegration (14)
Scrolls
 a - 11 scrolls of teleportation
 c - a scroll of fear
 h - 7 scrolls of remove curse
 i - 3 scrolls of magic mapping
 y - a scroll of summoning
 A - a scroll of amnesia
 M - a scroll of fog
 R - a scroll of immolation
 U - 5 scrolls of identify
Potions
 g - 2 potions of brilliance
 j - 3 potions of ambrosia
 m - 2 potions of resistance
 q - 3 potions of lignification
 r - 3 potions of cancellation
 s - a potion of invisibility
 u - 3 potions of curing
 z - a potion of heal wounds
 E - a potion of haste
 F - 3 potions of berserk rage
 H - a potion of agility
 L - a potion of magic
 P - 2 potions of might
Books
 Q - a manual of Crossbows
Comestibles
 d - 45 rations


   Skills:
 + Level 11.3 Fighting
 + Level 13.7 Maces & Flails
 - Level 6.0 Armour
 + Level 9.0 Dodging
 - Level 2.1 Stealth
 + Level 10.8 Spellcasting
 + Level 12.2 Conjurations
 - Level 0.7 Transmutations
 + Level 13.9 Earth Magic
 - Level 6.0 Evocations


You had 12 spell levels left.
You knew the following spells:

 Your Spells              Type           Power        Failure   Level  Hunger
a - Sandblast             Erth           ######       0%          1    None
b - Stone Arrow           Conj/Erth      ######       1%          3    None
c - Lee's Rapid Deconstr  Erth           ######....   1%          5    ####...
d - Mephitic Cloud        Conj/Pois/Air  ####....     1%          3    None
e - Bolt of Cold          Conj/Ice       #####.....   17%         6    ######.
f - Irradiate             Conj/Tmut      #####.....   3%          5    ####...

Your spell library contained the following spells:

 Spells                   Type           Power        Failure   Level  Hunger
 Magic Dart               Conj           ####         1%          1    None
 Passwall                 Tmut/Erth      #####...     1%          2    None
 Searing Ray              Conj           ######       1%          2    None
 Conjure Flame            Conj/Fire      #####...     1%          3    None
 Dazzling Spray           Conj/Hex       #####.       1%          3    None
 Force Lance              Conj/Tloc      #####...     1%          4    #......
 Fulminant Prism          Conj/Hex       #####.....   1%          4    #......
 Iskenderun's Mystic Bla  Conj           ######..     1%          4    #......
 Petrify                  Tmut/Erth      #####...     2%          4    #......
 Corona                   Hex            ##.....      5%          1    None
 Infusion                 Chrm           ##..         5%          1    None
 Ensorcelled Hibernation  Hex/Ice        ##....       9%          2    None
 Poisonous Vapours        Pois/Air       ##....       9%          2    None
 Shroud of Golubria       Chrm/Tloc      ##....       9%          2    None
 Song of Slaying          Chrm           ##......     9%          2    None
 Confuse                  Hex            ##......     17%         3    None
 Regeneration             Chrm/Necr      ##........   17%         3    None
 Spectral Weapon          Hex/Chrm       ##......     17%         3    None
 Tukima's Dance           Hex            ##......     17%         3    None
 Freezing Cloud           Conj/Ice/Air   ####......   36%         6    ######.
 Ring of Flames           Chrm/Fire      ##........   100%        7    #######


Dungeon Overview and Level Annotations

Branches:
Dungeon (14/15)            Temple (1/1) D:6            Lair (6/6) D:9
  Swamp (0/4) Lair:4        Snake (0/4) Lair:2        Slime (0/5) Lair:6
    Orc (0/2) D:11         Vaults (0/5) D:13

Altars:
Ashenzari
Cheibriados
Nemelex Xobeh
Okawaru
Qazlal
Sif Muna
Trog
Uskayaw
Vehumet
Xom
Yredelemnul
Zin
Jiyva

Shops:
D:11 %(   D:13 [

Annotations:
D:7 Harold
Lair:5 2 transporters, hemabe's ghost, journeyman HuAr


Innate Abilities, Weirdness & Mutations

You are resistant to torment.
Your stone body is resilient. (AC +11)
You are immune to poison.
Your large and strong wings let you fly indefinitely.
You resist negative energy. (rN+)
You are resistant to electric shocks. (rElec)
You can survive without breathing.
You are immune to petrification.
You are immune to rotting.


Message History

The death yak gores you but does no damage.
Casting: Sandblast (safe; 0% risk of failure)
Confirm with . or Enter, or press ? or * to list all spells.
Aiming: Sandblast (safe; 0% risk of failure)
Press: ? - help, Shift-Dir - straight line, f/p - death yak
Aim: a death yak (heavily wounded)
The blast of sand hits the death yak.
The death yak is heavily wounded.
b - 80 stones The death yak completely misses you.
Casting: Sandblast (safe; 0% risk of failure)
Confirm with . or Enter, or press ? or * to list all spells.
Aiming: Sandblast (safe; 0% risk of failure)
Press: ? - help, Shift-Dir - straight line, f/p - death yak
Aim: a death yak (heavily wounded)
The blast of sand hits the death yak but does no damage.
The death yak is heavily wounded.
b - 79 stones The death yak gores you!
You die...

##...#PP......................
#...###.......^..............
##..##*......................
#...#*#.....................
#...###.....................
##....#*#....................
****#...#.# #....................
,,,*#....####.........####.......
,,,*##..## #...#@##...##,*.......
,,,*##..#####.##Y#P.....,*,......
..#*#P..P.#.....Y.......,,,,.....
...###..................,........
....#...............P...,........
..............P..(#P...P,..P.....
........._.......##P....,,#......
.........>....P..#*,..##,*#......
.................#....P.,,##.....


You could see 2 death yaks.

Vanquished Creatures
  2 entropy weavers (Lair:6)
  6 hydras
  A vault guard (D:13)
  A merfolk avatar (Lair:6)
  5 centaur warriors
  6 two-headed ogres
  7 death yaks
  A queen ant (Lair:6)
  Urug (D:12)
  A deep elf knight (D:13)
  Sonja (Lair:6)
  2 skeletal warriors (Volcano)
  An unseen horror (D:12)
  Pikel (D:7)
  A harpy (Lair:6)
  An orc knight (D:13)
  3 oklob plants
  19 elephants
  9 ugly things
  A cyclops (D:14)
  3 manticores
  2 ice statues (IceCv)
  2 centaur zombies
  2 black mambas
  6 gargoyles
  12 spiny frogs
  8 rime drakes
  3 kobold demonologists (D:12)
  A centaur skeleton (D:11)
  12 komodo dragons
  A komodo dragon (shapeshifter) (D:13)
  A queen bee (Lair:2)
  4 polar bears (Lair:6)
  3 trolls
  A wind drake (Lair:5)
  5 hornets
  A harpy skeleton (Volcano)
  A tyrant leech (shapeshifter) (D:13)
  11 slime creatures
  2 bog bodies (Lair:4)
  29 blink frogs
  8 hippogriffs
  A centaur simulacrum (D:13)
  A shadow (D:13)
  Sigmund (D:5)
  3 flying skulls (Volcano)
  A wraith (D:13)
  An alligator skeleton (Volcano)
  6 wyverns
  26 yaks
  5 basilisks
  2 fire bats (Lair:3)
  A steam dragon (D:13)
  A hungry ghost (D:13)
  Menkaure (D:5)
  3 vampire mosquitoes (D:14)
  19 soldier ants
  A swamp worm (Lair:4)
  11 water moccasins
  8 porcupines
  Duvessa (D:7)
  6 orc warriors
  3 sky beasts
  10 ice beasts
  A slave (D:7)
  An eye of draining (D:14)
  A necrophage (D:5)
  2 phantoms
  10 ogres
  7 wolves
  9 centaurs
  12 crocodiles
  4 big kobolds
  8 bullfrogs
  A gnoll sergeant (D:9)
  4 scorpions
  A water moccasin zombie (D:10)
  A wyvern skeleton (D:13)
  Dowan (D:7)
  46 killer bees
  13 wights
  A spriggan skeleton (Volcano)
  4 electric eels
  3 howler monkeys
  2 troll skeletons (Volcano)
  5 crimson imps
  A lava snake (Lair:3)
  3 bullfrog zombies
  11 hounds
  6 orc wizards
  4 orc priests
  2 jellies
  3 bullfrog skeletons
  Natasha (thrice) (D:4)
  8 iguanas
  36 worker ants
  A hound zombie (D:5)
  3 hound skeletons
  2 worker ant zombies
  14 gnolls
  13 adders
  A howler monkey skeleton (D:4)
  6 shadow imps
  12 white imps (Lair:1)
  3 adder skeletons
  2 adder zombies
  3 worms
  3 dart slugs
  9 leopard geckos
  28 orcs
  A bat (D:2)
  8 giant cockroaches
  12 goblins
  11 hobgoblins
  8 jackals
  3 quokkas
  A ball python (D:1)
  3 frilled lizards
  10 kobolds
  2 leopard gecko skeletons
  A leopard gecko zombie (D:8)
  A quokka zombie (D:10)
  7 rats
  A plant (Lair:4)
683 creatures vanquished.

Vanquished Creatures (collateral kills)
  An orc (D:11)
1 creature vanquished.

Vanquished Creatures (others)
  A bush (Lair:6)
  7 fungi (Lair:6)
  18 plants
26 creatures vanquished.

Grand Total: 710 creatures vanquished

Notes
Turn   | Place    | Note
-------+----------+-------------------------------------------
     0 | D:1      | CakeEater the Gargoyle Earth Elementalist began the quest
                  | for the Orb.
     0 | D:1      | Reached XP level 1. HP: 10/10 MP: 3/3
   304 | D:1      | Reached XP level 2. HP: 13/15 MP: 0/5
  1343 | D:2      | You fall into a shaft and drop 2 floors!
  1355 | D:4      | Reached XP level 3. HP: 19/19 MP: 2/7
  1360 | D:4      | Learned a level 3 spell: Stone Arrow
  1480 | D:4      | Reached skill level 1 in Conjurations
  1480 | D:4      | Reached XP level 4. HP: 24/24 MP: 4/8
  1688 | D:4      | Reached skill level 5 in Earth Magic
  1774 | D:4      | Noticed Natasha
  1907 | D:3      | Noticed a +0 hand axe
  1907 | D:3      | Noticed a +0 dagger
  1908 | D:3      | Found a hide-covered altar of Uskayaw.
  1928 | D:3      | Reached XP level 5. HP: 27/28 MP: 6/9
  2017 | D:3      | Learned a level 5 spell: Lee's Rapid Deconstruction
  2492 | D:2      | Found a stormy altar of Qazlal.
  3896 | D:4      | Killed Natasha
  3896 | D:4      | Reached XP level 6. HP: 28/32 MP: 2/11
  4094 | D:4      | Found a sparkling altar of Nemelex Xobeh.
  4400 | D:4      | Found a radiant altar of Vehumet.
  4400 | D:4      | Noticed Natasha
  4427 | D:4      | Killed Natasha
  4484 | D:4      | Noticed Natasha
  4491 | D:4      | Killed Natasha
  4508 | D:4      | Reached XP level 7. HP: 26/36 MP: 5/13
  4668 | D:4      | Became a worshipper of Vehumet
  5051 | D:5      | Entered Level 5 of the Dungeon
  5133 | D:5      | Reached skill level 5 in Spellcasting
  5217 | D:5      | Reached XP level 8. HP: 41/41 MP: 15/15
  5260 | D:5      | Noticed Menkaure
  5265 | D:5      | Killed Menkaure
  5265 | D:5      | Reached skill level 1 in Maces & Flails
  5340 | D:5      | Reached skill level 5 in Conjurations
  5341 | D:5      | Reached skill level 1 in Fighting
  5341 | D:5      | Reached skill level 1 in Armour
  5655 | D:5      | Noticed Sigmund
  5658 | D:5      | Killed Sigmund
  5658 | D:5      | Reached skill level 1 in Evocations
  6371 | D:5      | Found a bloodstained altar of Trog.
  6393 | D:5      | Reached * piety under Vehumet
  6393 | D:5      | Offered knowledge of Freeze by Vehumet.
  6520 | D:6      | Found a snail-covered altar of Cheibriados.
  6573 | D:6      | Reached XP level 9. HP: 44/49 MP: 8/17
  7104 | D:6      | Found a deep blue altar of Sif Muna.
  7127 | D:6      | Found a staircase to the Ecumenical Temple.
  7150 | Temple   | Entered the Ecumenical Temple
  7282 | D:7      | Found a shimmering altar of Xom.
  7282 | D:7      | Found a shimmering altar of Xom.
  7282 | D:7      | Found a shimmering altar of Xom.
  7285 | D:7      | Found a shimmering altar of Xom.
  7285 | D:7      | Noticed Harold
  7286 | D:7      | Found a shimmering altar of Xom.
  7286 | D:7      | Found a shimmering altar of Xom.
  7309 | D:7      | Noticed Pikel
  7324 | D:7      | Killed Pikel
  7403 | D:7      | Noticed a komodo dragon
  7408 | D:7      | Killed a komodo dragon
  7550 | D:7      | Noticed Dowan
  7581 | D:7      | Killed Dowan
  7586 | D:7      | Noticed Duvessa
  7628 | D:7      | Killed Duvessa
  8169 | D:8      | Found a deep blue altar of Sif Muna.
  8218 | D:8      | Reached skill level 5 in Maces & Flails
  8222 | D:8      | Reached XP level 10. HP: 53/56 MP: 19/19
  8614 | D:8      | Found a glowing silver altar of Zin.
  8720 | D:8      | Reached ** piety under Vehumet
  8805 | D:8      | Offered knowledge of Shock by Vehumet.
  9229 | D:9      | Noticed a two-headed ogre
  9239 | D:9      | Killed a two-headed ogre
  9491 | D:9      | Found an iron altar of Okawaru.
  9705 | D:9      | Found a staircase to the Lair.
 10064 | D:9      | Offered knowledge of Dazzling Spray by Vehumet.
 10201 | D:10     | Entered Level 10 of the Dungeon
 10202 | D:10     | Reached skill level 5 in Armour
 10653 | D:10     | Reached skill level 5 in Fighting
 10682 | D:10     | Reached *** piety under Vehumet
 10811 | D:10     | Reached XP level 11. HP: 63/63 MP: 21/21
 11307 | D:11     | Offered knowledge of Conjure Flame by Vehumet.
 11371 | D:11     | Noticed a two-headed ogre
 11374 | D:11     | Killed a two-headed ogre
 11491 | D:11     | Found a staircase to the Orcish Mines.
 11492 | D:11     | Found Owozyr's Weapon Emporium.
 11503 | D:11     | Noticed a centaur warrior
 11512 | D:11     | Killed a centaur warrior
 11655 | D:11     | Reached **** piety under Vehumet
 11703 | D:11     | Found Beahuowk's Food Shoppe.
 11847 | D:11     | Noticed a centaur warrior
 11851 | D:11     | Killed a centaur warrior
 11851 | D:11     | Reached skill level 5 in Dodging
 11851 | D:11     | Reached skill level 10 in Earth Magic
 11851 | D:11     | Reached skill level 5 in Evocations
 11945 | D:11     | Offered knowledge of Airstrike by Vehumet.
 12122 | D:11     | Learned a level 3 spell: Mephitic Cloud
 12210 | D:12     | Noticed Urug
 12224 | D:12     | Killed Urug
 12500 | D:12     | Noticed a sixfirhy
 12503 | D:12     | Reached XP level 12. HP: 71/71 MP: 12/23
 12781 | D:12     | Found a shattered altar of Ashenzari.
 14363 | D:13     | Reached ***** piety under Vehumet
 14363 | D:13     | Offered knowledge of Spellforged Servitor by Vehumet.
 14424 | D:13     | Noticed a two-headed ogre
 14432 | D:13     | Killed a two-headed ogre
 14662 | D:13     | Noticed a centaur warrior
 14675 | D:13     | Noticed a two-headed ogre
 14680 | D:13     | Killed a centaur warrior
 14684 | D:13     | Killed a two-headed ogre
 14885 | D:13     | Reached skill level 10 in Maces & Flails
 15105 | D:13     | Reached XP level 13. HP: 73/78 MP: 21/25
 15250 | D:13     | Noticed a vault guard
 15500 | D:13     | Killed a vault guard
 15631 | D:13     | Found a gate to the Vaults.
 16364 | D:13     | Found Ytzioj's Antique Armour Shoppe.
 16522 | D:14     | Reached skill level 10 in Conjurations
 17344 | D:14     | Offered knowledge of Bolt of Cold by Vehumet.
 17443 | D:14     | Learned a level 6 spell: Bolt of Cold
 18136 | Lair:1   | Entered Level 1 of the Lair of Beasts
 18410 | Lair:1   | Found a frozen archway.
 18428 | IceCv    | Entered an ice cave
 18432 | IceCv    | Found a transporter.
 18544 | IceCv    | Gained mutation: Your large and strong wings let you fly
                  | indefinitely. [Gargoyle growth]
 18544 | IceCv    | Reached XP level 14. HP: 60/86 MP: 4/27
 18767 | IceCv    | Found a transporter.
 21414 | Lair:2   | Found a staircase to the Snake Pit.
 21972 | Lair:3   | Identified a scroll of acquirement
 22025 | Lair:3   | Found a dark tunnel.
 22038 | Volcano  | Entered a volcano
 22237 | Volcano  | Reached skill level 10 in Fighting
 22617 | Volcano  | Got distressingly furry fire dragon scales
 22795 | Lair:3   | Reached ****** piety under Vehumet
 22814 | Lair:3   | Offered knowledge of Lightning Bolt by Vehumet.
 22978 | Lair:3   | Reached skill level 10 in Spellcasting
 24702 | Lair:4   | Reached XP level 15. HP: 46/93 MP: 29/29
 25434 | Lair:4   | Found a staircase to the Swamp.
 26030 | Lair:5   | Found a transporter.
 26032 | Lair:5   | Found a transporter.
 26036 | Lair:5   | Noticed hemabe's ghost (journeyman HuAr)
 26444 | Lair:5   | Cast into level 2 of the Abyss (a distortion unwield)
 26445 | Abyss:2  | Found a corrupted altar of Lugonu.
 26451 | Lair:5   | Escaped the Abyss
 26792 | Lair:6   | Entered Level 6 of the Lair of Beasts
 27673 | Lair:5   | HP: 4/93 [barbs]
 28251 | Lair:6   | HP: 3/93 [wind drake/the air (24)]
 29479 | Lair:6   | Offered knowledge of Irradiate by Vehumet.
 29517 | Lair:6   | Learned a level 5 spell: Irradiate
 29622 | Lair:6   | Noticed Sonja
 29629 | Lair:6   | Killed Sonja
 29942 | Lair:6   | Found a viscous altar of Jiyva.
 29942 | Lair:6   | Found a staircase to the Slime Pits.
 30241 | Lair:6   | Got a scorched marble ring
 30253 | Lair:6   | Identified the ring of Kesa {Str+5 Stlth+} (You found it on
                  | level 6 of the Lair of Beasts)
 30350 | Lair:6   | Slain by a death yak

Levels and vault maps discovered:
D:1:      sevenhm_arrival_forest_fort_small_3, layout_basic
D:2:      layout_loops_corners, nicolae_qazlal_eye_of_the_storm, serial_glass,
          glass_columns_a, glass_columns_b
D:3:      layout_loops_corners, dancing_weapons_uskayaw, serial_glass,
          glass_columns_b, glass_columns_c, grunt_ministairs_15
D:4:      layout_loops_ring, nemelex_xobeh_ov_fountains_minmay,
          old_standard_altar, uniq_natasha
D:5:      layout_basic, bloody_trog, first_ration, minmay_manual_moon,
          uniq_menkaure, uniq_sigmund
D:6:      layout_rooms, minitemple, temple_fountains
D:7:      layout_loops_ring, xom_shifter_show, uniq_duvessa, uniq_pikel,
          uniq_harold
D:8:      layout_loops_ring, lemuel_round_altar, basic_altar
D:9:      layout_basic, okawaru_ov_weapons_minmay, dpeg_oklobed_lair
D:10:     layout_basic
D:11:     layout_basic, orc_david_3, serial_shops,
          nicolae_shop_competitors_out_of_business, grunt_ogre_cave
D:12:     layout_stronghold, ashenzari_altar_1, uniq_urug
D:13:     layout_big_octagon, david_vaults_5, serial_shops, shop,
          minmay_shattered_shrine
D:14:     layout_stronghold, minmay_misc_feat_ornament
Temple:   minmay_temple_bridge_abc
Lair:1:   layout_roguey, portal_ice_cave_entry_imps, serial_bayou_lagoon_a,
          minmay_lair_oklob_chamber
Lair:2:   layout_roguey, dummy_snake_entry, special_room [special_room_bee],
          st_stairs_5, grunt_megastairs_2, lemuel_fruit_fields,
          serial_bayou_shore_a, infiniplex_staircase_pool
Lair:3:   layout_gridlike, enter_volcano_2
Lair:4:   layout_loops_ring, nicolae_swamp_entry_splash_gauntlet
Lair:5:   layout_gridlike, gammafunk_ghost_hive, grunt_megastairs_1
Lair:6:   gammafunk_lair_ancient_temple, layout_gridlike, slime_altar_1,
          minivault_26, zaba_anthell, uniq_sonja

Skill      XL: |  1  2  3  4  5  6  7  8  9 10 11 12 13 14 15 |
---------------+----------------------------------------------+-----
Earth Magic    | 4 5 6 7 8 9 10 11 12 13 | 13.9
Spellcasting   | 3 4 5 6 7 8 9 10 | 10.8
Conjurations   | 1 2 3 4 5 6 7 8 9 10 11 12 | 12.2
Maces & Flails | 3 5 6 8 10 11 13 | 13.7
Fighting       | 2 3 5 6 7 9 10 11 | 11.3
Armour         | 2 3 5 6 |  6.0
Dodging        | 2 3 4 5 6 7 8 9 |  9.0
Evocations     | 1 3 4 5 6 |  6.0
Stealth        | |  2.1
Transmutations | |  0.7

Action                   |  1- 3 |  4- 6 |  7- 9 | 10-12 | 13-15 || total
-------------------------+-------+-------+-------+-------+-------++-------
Melee: Club              |    54 |    42 |       |       |       ||    96
       Unarmed           |     1 |       |       |       |       ||     1
       Whip              |       |   174 |   165 |   630 |  1003 ||  1972
       Great mace        |       |       |       |       |     7 ||     7
 Cast: Sandblast         |    21 |    40 |    37 |   162 |   249 ||   509
       Stone Arrow       |       |     7 |    19 |    11 |    88 ||   125
       Lee's Rapid Decon |       |       |     9 |    28 |   110 ||   147
       Mephitic Cloud    |       |       |       |     1 |     6 ||     7
 Abil: Fly               |       |       |       |       |     1 ||     1
       Evoke Berserk Rag |       |       |       |       |     1 ||     1
Evoke: Wand              |       |       |     7 |     4 |    16 ||    27
  Use: Scroll            |     3 |     5 |     8 |     8 |    18 ||    42
       Potion            |       |     1 |     1 |       |     6 ||     8
 Stab: Sleeping          |       |     3 |     4 |     5 |     6 ||    18
       Invisible         |       |       |       |       |     2 ||     2
       Confused          |       |       |       |       |     4 ||     4
       Distracted        |       |       |       |       |     1 ||     1
  Eat: Chunk             |     2 |    11 |    16 |    26 |    38 ||    93
       Ration            |       |       |       |     1 |    10 ||    11
Armor: Robe              |    19 |   101 |    67 |   246 |   436 ||   869
Dodge: Dodged            |    48 |   138 |   101 |   411 |   686 ||  1384

Table legend:
 A = Non-vault XP
 B = Vault XP
 C = Vault XP percentage of total XP
 D = Non-vault monster count
 E = Vault monster count
 F = Vault count percentage of total count
                 A         B        C        D         E       F
            +---------+---------+-------+---------+---------+-------
      Total |   83688 |   38902 |  31.7 |     500 |     182 |  26.7
            +---------+---------+-------+---------+---------+-------
        D:1 |      31 |       0 |   0.0 |      18 |       0 |   0.0
        D:2 |      63 |       0 |   0.0 |      19 |       0 |   0.0
        D:3 |     102 |       3 |   2.9 |      31 |       2 |   6.1
        D:4 |     553 |      35 |   6.0 |      23 |       1 |   4.2
        D:5 |     725 |     652 |  47.3 |      28 |       5 |  15.2
        D:6 |     954 |       0 |   0.0 |      18 |       0 |   0.0
        D:7 |     607 |     874 |  59.0 |       8 |       3 |  27.3
        D:8 |    1160 |       0 |   0.0 |      25 |       0 |   0.0
        D:9 |    2553 |       0 |   0.0 |      36 |       0 |   0.0
       D:10 |    1953 |       0 |   0.0 |      22 |       0 |   0.0
       D:11 |    5101 |    1017 |  16.6 |      35 |       4 |  10.3
       D:12 |    7488 |     827 |   9.9 |      34 |       1 |   2.9
       D:13 |    9801 |    6592 |  40.2 |      38 |      23 |  37.7
       D:14 |    8099 |       0 |   0.0 |      27 |       0 |   0.0
     Lair:1 |    3241 |    1573 |  32.7 |      12 |      15 |  55.6
     Lair:2 |    9809 |    2053 |  17.3 |      32 |      27 |  45.8
     Lair:3 |    8596 |       0 |   0.0 |      29 |       0 |   0.0
     Lair:4 |    7856 |     742 |   8.6 |      22 |       4 |  15.4
     Lair:5 |    8273 |    2243 |  21.3 |      25 |       9 |  26.5
     Lair:6 |    6723 |   15535 |  69.8 |      18 |      65 |  78.3
      IceCv |       0 |    2834 | 100.0 |       0 |      10 | 100.0
    Volcano |       0 |    3922 | 100.0 |       0 |      13 | 100.0
            +---------+---------+-------+---------+---------+-------
